 Dungeon Crawl Stone Soup version 0.24-a0-201-gf205589 (webtiles) character file.

Game seed: 15420646041331331120

74 tbh1313 the Vexing (level 4, 0/21 HPs)
             Began as a Spriggan Enchanter on Mar 22, 2019.
             Succumbed to an orc's poison
             ... on level 3 of the Dungeon.
             The game lasted 00:04:09 (2166 turns).

tbh1313 the Vexing (Spriggan Enchanter)             Turns: 2166, Time: 00:04:09

Health: 0/21       AC:  2    Str:  5    XL:     4   Next: 10%
Magic:  9/9        EV: 18    Int: 16    God:
Gold:   70         SH:  0    Dex: 16    Spells: 5/8 levels left

rFire    . . .     SeeInvis +   a - +2 dagger
rCold    . . .     Gourm    .   (shield restricted)
rNeg     . . .     Faith    .   b - +0 robe
rPois    .         Spirit   .   (helmet restricted)
rElec    .         Reflect  .   (no cloak)
rCorr    .         Harm     .   (gloves unavailable)
MR       +....                  (boots unavailable)
Stlth    +++.......             k - amulet of magic regeneration
HPRegen  0.07/turn              e - ring of protection from magic
MPRegen  0.36/turn              (no ring)

@: lethally poisoned (0 -> -13), very quick
A: very small, unfitting armour, see invisible, herbivore, speed 3, slow
metabolism 2
a: no special abilities


You were on level 3 of the Dungeon.
You were not hungry.

You visited 1 branch of the dungeon, and saw 3 of its levels.

You collected 70 gold pieces.

Inventory:

Hand Weapons
 a - a +2 dagger (weapon)
Armour
 b - a +0 robe (worn)
Jewellery
 e - a ring of protection from magic (left hand)
 k - an amulet of magic regeneration (around neck)
 l - an uncursed amulet of rage {unknown}
Scrolls
 h - 2 scrolls of teleportation
 j - a scroll of magic mapping
Potions
 c - 3 potions of curing {unknown}
 f - a potion of mutation {unknown}
 g - a potion of cancellation {unknown}
Comestibles
 d - 5 rations


   Skills:
 - Level 1.1 Short Blades
 - Level 3.0 Dodging
 - Level 4.4 Stealth
 - Level 2.6 Spellcasting
 + Level 6.0 Hexes


You had 5 spell levels left.
You knew the following spells:

 Your Spells              Type           Power        Failure   Level  Hunger
a - Corona                Hex            ###....      1%          1    #......
b - Ensorcelled Hibernat  Hex/Ice        ##....       9%          2    ##.....

Your spell library contained the following spells:

 Spells                   Type           Power        Failure   Level  Hunger
 Confuse                  Hex            ###.....     4%          3    ###....
 Tukima's Dance           Hex            ###.....     4%          3    ###....
 Dazzling Spray           Conj/Hex       ##....       17%         3    ###....


Dungeon Overview and Level Annotations

Branches:
Dungeon (3/15)

Altars:
Ashenzari
Kikubaaqudgha


Innate Abilities, Weirdness & Mutations

You are very small and have problems with some larger weapons.
You are too small for most types of armour.
You have supernaturally acute eyesight. (SInv)
You are a herbivore.
You cover ground extremely quickly.
You need to consume almost no food.


Message History

The orc hits you with a +2 dagger of venom.
You are lethally poisoned!
Casting: Ensorcelled Hibernation (safe; 9% risk of failure)
Confirm with . or Enter, or press ? or * to list all spells.
Okay, then.
You feel sick.
You feel sick.
You feel sick.
The orc priest calls down the wrath of Beogh upon you.
Beogh smites you!
Ouch! That really hurt!
* * * LOW HITPOINT WARNING * * *
* * * LOW HITPOINT WARNING * * *
You feel sick.
The orc priest calls upon Beogh to heal the orc.
The orc's wounds heal themselves!
The orc priest miscasts a cantrip.
* * * LOW HITPOINT WARNING * * *
You feel sick.
You die...

....# ##...# .###
.....# .#.#### ....
....... #..###
......# #.... #....#
#..### ##....#
#<.#.#######.....#
#...@....o.oo....####
#..#...⌠..≈≈........#
#.##.#....≈≈≈....)..#
##...##...≈≈≈......<#
##..##...≈≈≈....####
##.#..≈≈≈≈≈≈...#
..#.≈...≈.....#
..#._.....⌠.###
..#....##...


You could see an orc priest and an orc.

Levels and vault maps discovered:
D:1:      minmay_arrival_glassed_features, layout_basic
D:2:      layout_basic, ashenzari_altar_1
D:3:      layout_loops_ring, marbit_many_paths, kiku_gazebo_pond_becter

Notes
Turn   | Place    | Note
-------+----------+-------------------------------------------
     0 | D:1      | tbh1313 the Spriggan Enchanter began the quest for the Orb.
     0 | D:1      | Reached XP level 1. HP: 9/9 MP: 5/5
    92 | D:1      | Reached skill level 4 in Hexes
   303 | D:1      | Reached XP level 2. HP: 10/13 MP: 6/6
   688 | D:2      | Found a shattered altar of Ashenzari.
   853 | D:2      | Reached skill level 5 in Hexes
  1107 | D:2      | Reached XP level 3. HP: 15/16 MP: 8/8
  1577 | D:1      | Learned a level 2 spell: Ensorcelled Hibernation
  2100 | D:3      | Reached skill level 6 in Hexes
  2100 | D:3      | Reached XP level 4. HP: 21/21 MP: 6/9
  2151 | D:3      | Found an ancient bone altar of Kikubaaqudgha.
  2163 | D:3      | HP: 2/21 [poisoned by an orc]
  2166 | D:3      | Succumbed to an orc's poison

Table legend:
 A = Turns spent in this place as a percentage of turns spent in the entire game.
 B = Non-inter-level travel turns spent in this place as a percentage of non-inter-level travel turns spent in the entire game.
 C = Inter-level travel turns spent in this place as a percentage of turns spent in this place.
 D = Turns resting spent in this place as a percentage of non-inter-level travel turns spent in this place.
 E = Turns spent auto-exploring this place as a percentage of non-inter-level travel turns spent in this place.
 F = Non-inter-level travel turns spent in this place divided by the number of levels of this place that you've seen.
                   A       B       C       D       E      F
               +-------+-------+-------+-------+-------+----------------------
         Total | 100.0 | 100.0 |   3.7 |  39.6 |  43.8 | 695.0
       Dungeon | 100.0 | 100.0 |   3.7 |  39.6 |  43.8 | 695.0
               +-------+-------+-------+-------+-------+----------------------

Table legend:
 A = Kills in this place as a percentage of kills in entire the game.
 B = Kills by you in this place as a percentage of kills by you in the entire game.
 C = Kills by friends in this place as a percentage of kills by friends in the entire game.
 D = Other kills in this place as a percentage of other kills in the entire game.
 E = Experience gained in this place as a percentage of experience gained in the entire game.
 F = Experience gained in this place divided by the number of levels of this place that you have seen.
                   A       B       C       D       E      F
               +-------+-------+-------+-------+-------+----------------------
         Total | 100.0 | 100.0 |   N/A |   N/A | 100.0 |  35.7
       Dungeon | 100.0 | 100.0 |   N/A |   N/A | 100.0 |  35.7
               +-------+-------+-------+-------+-------+----------------------

Action                   |  1- 3 |  4- 6 || total
-------------------------+-------+-------++-------
Melee: Dagger            |   104 |     3 ||   107
 Cast: Ensorcelled Hiber |     7 |       ||     7
  Use: Scroll            |     6 |       ||     6
 Stab: Sleeping          |    11 |       ||    11
Armor: Robe              |     9 |     2 ||    11
Dodge: Dodged            |    87 |       ||    87

Vanquished Creatures
  An orc priest (D:3)
  An adder (D:2)
  A worm (D:2)
  A dart slug (D:2)
  2 leopard geckos
  An orc (D:2)
  3 bats
  A giant cockroach (D:2)
  2 goblins
  4 jackals (D:2)
  5 frilled lizards
  4 kobolds
  4 rats
30 creatures vanquished.
